 Dungeon Crawl Stone Soup version 0.31-a0-165-g3f4f80340b (webtiles) character file.

Game seed: 14200054085095299807

3946 qw the Cleaver (level 10, 0/65 HPs)
             Began as a Gargoyle Fighter on June 13, 2023.
             Shot with a sling bullet by Joseph (11 damage)
             ... on level 9 of the Dungeon.
             The game lasted 00:03:16 (7939 turns).

qw the Cleaver (Gargoyle Fighter)                   Turns: 7939, Time: 00:03:16

Health: 0/65       AC: 29    Str: 29    XL:     10   Next: 21%
Magic:  10/10      EV:  7    Int: 10    God:
Gold:   0          SH:  9    Dex:  9    Spells: 9/9 levels left

rFire   + . .        l - +0 war axe (spect)
rCold   + . .        c - +0 buckler
rNeg    + . .        g - +0 plate armour
rPois   inf          b - +2 hat {Will+}
rElec   +            f - scarf {rC+ rF+}
rCorr   .            (no gloves)
SInv    .            n - +2 pair of boots
Will    +....        j - amulet of reflection Stlth
                     v - +4 ring of protection
HPRegen 0.30/turn    w - +6 ring of strength
MPRegen 0.12/turn

%: reflection
@: slowed, very slow
A: sickness immunity, AC +7, negative energy resistance 1, electricity
resistance, torment resistance 1, petrification resistance
a: no special abilities


You were on level 9 of the Dungeon.
You visited 2 branches of the dungeon, and saw 10 of its levels.


Innate Abilities, Weirdness & Mutations

You are immune to sickness and miasma.
Your stone body is resilient. (AC +7)
You are immune to poison.
You resist negative energy. (rN+)
You are resistant to electric shocks. (rElec)
You are resistant to unholy torment.
You are immune to petrification.


   Skills:
 - Level 8.8 Fighting
 - Level 10.0 Axes
 - Level 1.2 Throwing
 - Level 6.4 Armour
 - Level 1.0 Dodging
 + Level 4.5 Shields


You had 9 spell levels left.
You didn't know any spells.
Your spell library was empty.

Inventory:

Hand Weapons
 h - a +0 broad axe
 l - a +0 spectral war axe (weapon)
 t - the +6 mace of Doutzomati {freeze, rElec rN++ Str+3 Int-3}
   (You found it on level 7 of the Dungeon)

   Str:       It affects your strength (+3).
   Int:       It affects your intelligence (-3).
   rElec:     It insulates you from electricity.
   rN:        It greatly protects you from negative energy.
Missiles
 u - 2 boomerangs (quivered)
Armour
 b - a +2 hat of willpower (worn)
 c - a +0 buckler (worn)
 f - a scarf of resistance (worn)
 g - a +0 plate armour (worn)
 n - a +2 pair of boots (worn)
 x - +0 acid dragon scales
Jewellery
 j - an amulet of reflection (around neck)
 v - a +4 ring of protection (left hand)
 w - a +6 ring of strength (right hand)
Scrolls
 i - a scroll of identify
 m - 2 scrolls of brand weapon
Potions
 a - a potion of heal wounds
 d - 3 potions of might
 e - a potion of haste
 k - a potion of mutation
 o - a potion of magic
 p - a potion of curing
 q - a potion of berserk rage {unknown}
 r - a potion of resistance
 s - a potion of invisibility {unknown}

Dungeon Overview and Level Annotations

Branches:
Dungeon (9/15)             Temple (1/1) D:5
   Lair: D:8-11         Orc: D:9-12

Altars:
Cheibriados
Dithmenos
Elyvilon
Fedhas
Gozag
Hepliaklqana
Kikubaaqudgha
Nemelex Xobeh
Okawaru
Qazlal
Ru
Sif Muna
Trog
Uskayaw
Vehumet
Wu Jian
Xom
Yredelemnul
Zin

Shops:
D:1 [

Annotations:
D:8 2 transporters
D:9 Joseph


Message History

Your spectral weapon shares its damage with you!
Joseph shoots a sling bullet.
The sling bullet hits you but does no damage.
The wraith hits you but does no damage.
The orc hits your +0 spectral war axe but does no damage.
Joseph shoots a sling bullet.
You block the sling bullet with an invisible shield... and reflect it back!
The sling bullet hits Joseph!!
You hit the wraith.
The wraith is heavily damaged.
You slash the kobold!
You kill the kobold!
Your +0 spectral war axe hits the wraith!
Your +0 spectral war axe hits the orc.
The wraith hits your +0 spectral war axe!
Your spectral weapon shares its damage with you!
The orc closely misses your +0 spectral war axe.
Joseph shoots a sling bullet.
The sling bullet hits you!
You catch the helpless wraith completely off-guard!
You slash the wraith!
You destroy the wraith!
Your +0 spectral war axe disappears.
Joseph shoots a sling bullet.
You block the sling bullet with an invisible shield... and reflect it back!
The sling bullet misses Joseph.
A kobold brigand comes into view.
It is wielding a +0 club and quivering curare-tipped darts.
The orc closely misses you.
Joseph shoots a sling bullet.
The sling bullet hits you.
You barely miss the orc.
The orc is lightly wounded.
You closely miss the komodo dragon.
The kobold brigand shouts!
Your +0 spectral war axe hits the orc.
Your +0 spectral war axe hits the komodo dragon but does no damage.
Your +0 spectral war axe hits the komodo dragon!
Your +0 spectral war axe hits the orc!
You kill the orc!
The komodo dragon bites you!
Joseph shoots a sling bullet.
The sling bullet hits you!
You die...

...#..o .. ...#... #.##
...... ...#. ....# ...
.#..# . #.###...#
##.##....)'#
......)#)..# #..l@)####
#.#)(....####
#.@......'..##.......
...........##.##.......
..#.........##.##(......
............##.##.......
............##.##.......
............##.##.......
...........##.##.......


You could see Joseph, a komodo dragon and a friendly +0 spectral war axe.

Vanquished Creatures
  Maurice (D:9)
  Psyche (D:8)
  A wraith (D:9)
  Sigmund (D:4)
  A wyvern (D:8)
  An acid dragon (D:9)
  3 orc warriors
  A black bear (D:5)
  2 ice beasts
  A sky beast (D:7)
  2 ogres
  A centaur (D:7)
  A phantom (D:5)
  Blork the orc (D:5)
  2 scorpions
  2 wights (D:9)
  11 killer bees
  A howler monkey (D:9)
  A jelly (D:6)
  4 hounds
  4 orc priests
  A gnoll bouda (D:9)
  Natasha (D:4)
  Ijyb (D:3)
  6 iguanas
  2 sleepcaps
  5 orc wizards
  Robin (D:4)
  4 gnolls (D:5)
  12 adders
  4 shadow imps
  2 white imps
  2 worms
  5 dart slugs
  13 orcs
  6 bats
  5 endoplasms
  2 giant cockroaches (D:3)
  9 goblins
  6 hobgoblins
  10 jackals
  11 kobolds
  3 quokkas
  6 ball pythons
  2 frilled lizards (D:1)
  7 rats
169 creatures vanquished.

Vanquished Creatures (others)
  An orc wizard (D:9)
1 creature vanquished.

Grand Total: 170 creatures vanquished

Notes
Turn   | Place    | Note
-------+----------+-------------------------------------------
     0 | D:1      | qw the Gargoyle Fighter began the quest for the Orb.
     0 | D:1      | Reached XP level 1. HP: 14/14 MP: 1/1
     0 | D:1      | 0 ||| qw: Version: 0.2-a-29-gc1b59c4
     0 | D:1      | 0 ||| qw: Game counter: 4726
     0 | D:1      | 0 ||| qw: Always use a shield: true
     0 | D:1      | 0 ||| qw: God list: Okawaru
     0 | D:1      | 0 ||| qw: Allow faded altars: false
     0 | D:1      | 0 ||| qw: Do Orc after D:15 true
     0 | D:1      | 0 ||| qw: Do second Lair branch before Depths: true
     0 | D:1      | 0 ||| qw: Lair rune preference: random
     0 | D:1      | 0 ||| qw: Plans: Normal, Zot:1-4, Slime:5, God:TSO, Crypt,
                  | Tomb, Abyss, Pan, Hells, Win
     0 | D:1      | 0 ||| PLANNING D:1-11
    94 | D:1      | Reached skill level 2 in Axes
   196 | D:1      | 196 ||| Stepping ~*~*~tactically~*~*~ (hiding).
   352 | D:1      | Reached XP level 2. HP: 19/19 MP: 2/2
   515 | D:1      | 515 ||| Stepping ~*~*~tactically~*~*~ (hiding).
   647 | D:1      | 647 ||| Stepping ~*~*~tactically~*~*~ (hiding).
   648 | D:1      | 648 ||| Stepping ~*~*~tactically~*~*~ (hiding).
   649 | D:1      | 649 ||| Stepping ~*~*~tactically~*~*~ (hiding).
   650 | D:1      | 650 ||| Stepping ~*~*~tactically~*~*~ (hiding).
   651 | D:1      | 651 ||| Stepping ~*~*~tactically~*~*~ (hiding).
   652 | D:1      | 652 ||| Stepping ~*~*~tactically~*~*~ (hiding).
   789 | D:1      | Found Rulow's Antique Armour Emporium.
   798 | D:1      | 798 ||| SHOPLISTING pair of embroidered boots (195 gold,
                  | have 26).
   798 | D:1      | 798 ||| SHOPLISTING runed orb (312 gold, have 26).
  1055 | D:1      | 1055 ||| UPGRADING to +0 plate armour.
  1065 | D:1      | 1065 ||| DROPPING +0 scale mail.
  1066 | D:1      | 1066 ||| UPGRADING to amulet of reflection.
  1071 | D:1      | 1071 ||| READING scroll labelled JOUFIM KELY.
  1072 | D:1      | 1072 ||| READING 2 scrolls labelled IPITTA YN HUKK.
  1117 | D:2      | Reached skill level 3 in Axes
  1133 | D:2      | 1133 ||| Stepping ~*~*~tactically~*~*~ (hiding).
  1135 | D:2      | 1135 ||| Stepping ~*~*~tactically~*~*~ (hiding).
  1252 | D:2      | Reached XP level 3. HP: 23/23 MP: 3/3
  1335 | D:2      | You fall into a shaft and drop 1 floor!
  1338 | D:3      | 1338 ||| Stepping ~*~*~tactically~*~*~ (hiding).
  1467 | D:3      | 1467 ||| Stepping ~*~*~tactically~*~*~ (stealth).
  1470 | D:3      | 1470 ||| Stepping ~*~*~tactically~*~*~ (stealth).
  1637 | D:3      | 1637 ||| UPGRADING to +2 hat of willpower.
  1642 | D:3      | 1642 ||| READING 3 scrolls of identify.
  1642 | D:3      | 1642 ||| IDENTIFYING emerald potion
  1643 | D:3      | 1643 ||| READING 2 scrolls of identify.
  1643 | D:3      | 1643 ||| IDENTIFYING black potion
  1709 | D:2      | Reached XP level 4. HP: 23/28 MP: 4/4
  1899 | D:2      | Reached skill level 4 in Axes
  2034 | D:2      | 2034 ||| Stepping ~*~*~tactically~*~*~ (stealth).
  2037 | D:2      | 2037 ||| Stepping ~*~*~tactically~*~*~ (hiding).
  2310 | D:2      | 2310 ||| DROPPING +2 hat.
  2311 | D:2      | 2311 ||| READING scroll labelled ICRAZI KOWAW.
  2316 | D:2      | 2316 ||| READING scroll labelled NAFITU DOQEGGU.
  2317 | D:2      | 2317 ||| READING 4 scrolls of identify.
  2317 | D:2      | 2317 ||| IDENTIFYING bubbling clear potion
  2318 | D:2      | 2318 ||| READING 3 scrolls of identify.
  2318 | D:2      | 2318 ||| IDENTIFYING pink potion
  2319 | D:2      | 2319 ||| DROPPING potion of ambrosia.
  2320 | D:2      | 2320 ||| DROPPING potion of enlightenment.
  2644 | D:3      | Found a shimmering altar of Xom.
  2654 | D:3      | Found a shimmering altar of Xom.
  2694 | D:3      | 2694 ||| FLEEEEING.
  2753 | D:3      | Noticed Ijyb
  2766 | D:3      | Killed Ijyb
  2767 | D:3      | Reached XP level 5. HP: 17/32 MP: 5/5
  3042 | D:3      | 3042 ||| UPGRADING to scarf of resistance.
  3047 | D:3      | 3047 ||| DROPPING amulet of magic regeneration.
  3048 | D:3      | 3048 ||| READING 3 scrolls of identify.
  3048 | D:3      | 3048 ||| IDENTIFYING dark potion
  3088 | D:4      | 3088 ||| DROPPING +0 whip.
  3135 | D:4      | Noticed Robin
  3139 | D:4      | Killed Robin
  3146 | D:4      | Reached skill level 5 in Axes
  3283 | D:4      | Reached XP level 6. HP: 39/39 MP: 6/6
  3283 | D:4      | 3283 ||| Stepping ~*~*~tactically~*~*~ (stealth).
  3287 | D:4      | 3287 ||| Stepping ~*~*~tactically~*~*~ (stealth).
  3356 | D:4      | Noticed Sigmund
  3357 | D:4      | 3357 ||| Stepping ~*~*~tactically~*~*~ (stealth).
  3372 | D:4      | Killed Sigmund
  3373 | D:4      | Reached skill level 6 in Axes
  3373 | D:4      | Reached XP level 7. HP: 40/44 MP: 7/7
  3492 | D:4      | Reached skill level 7 in Axes
  3570 | D:4      | Noticed Natasha
  3574 | D:4      | Killed Natasha
  3884 | D:4      | 3884 ||| READING scroll labelled GOSOTI HEVOOMYDO.
  3885 | D:4      | 3885 ||| READING scroll labelled SOWNIER ECVIRA.
  3886 | D:4      | 3886 ||| READING scroll labelled IDIWE RAOCOSS.
  3887 | D:4      | 3887 ||| READING scroll labelled KADASO TEDAYSTRU.
  3888 | D:4      | 3888 ||| READING 2 scrolls of identify.
  3888 | D:4      | 3888 ||| IDENTIFYING cyan potion
  3916 | D:5      | Entered Level 5 of the Dungeon
  3959 | D:5      | 3959 ||| Stepping ~*~*~tactically~*~*~ (hiding).
  3961 | D:5      | Noticed Blork the orc
  3967 | D:5      | Killed Blork the orc
  3975 | D:5      | Reached XP level 8. HP: 47/49 MP: 8/8
  3981 | D:5      | 3981 ||| FLEEEEING.
  3982 | D:5      | 3982 ||| FLEEEEING.
  3983 | D:5      | 3983 ||| FLEEEEING.
  3984 | D:5      | 3984 ||| FLEEEEING.
  3986 | D:5      | 3986 ||| FLEEEEING.
  3987 | D:5      | 3987 ||| FLEEEEING.
  3988 | D:5      | 3988 ||| FLEEEEING.
  3989 | D:5      | 3989 ||| FLEEEEING.
  3990 | D:5      | 3990 ||| FLEEEEING.
  3997 | D:5      | 3997 ||| FLEEEEING.
  3998 | D:5      | 3998 ||| FLEEEEING.
  3999 | D:5      | 3999 ||| FLEEEEING.
  4000 | D:5      | 4000 ||| FLEEEEING.
  4001 | D:5      | 4001 ||| FLEEEEING.
  4002 | D:5      | 4002 ||| FLEEEEING.
  4003 | D:5      | 4003 ||| FLEEEEING.
  4004 | D:5      | 4004 ||| FLEEEEING.
  4005 | D:5      | 4005 ||| FLEEEEING.
  4006 | D:5      | 4006 ||| FLEEEEING.
  4007 | D:5      | 4007 ||| FLEEEEING.
  4008 | D:5      | 4008 ||| FLEEEEING.
  4009 | D:5      | 4009 ||| FLEEEEING.
  4010 | D:5      | 4010 ||| FLEEEEING.
  4011 | D:5      | 4011 ||| STAIRDANCE
  4033 | D:5      | Reached skill level 1 in Dodging
  4051 | D:5      | Found a radiant altar of Vehumet.
  4052 | D:5      | 4052 ||| Stepping ~*~*~tactically~*~*~ (hiding).
  4053 | D:5      | 4053 ||| Stepping ~*~*~tactically~*~*~ (hiding).
  4054 | D:5      | 4054 ||| Stepping ~*~*~tactically~*~*~ (hiding).
  4056 | D:5      | 4056 ||| Stepping ~*~*~tactically~*~*~ (hiding).
  4060 | D:5      | 4060 ||| Stepping ~*~*~tactically~*~*~ (hiding).
  4082 | D:5      | Found a staircase to the Ecumenical Temple.
  4083 | D:5      | 4083 ||| PLANNING TEMPLE
  4091 | Temple   | Entered the Ecumenical Temple
  4231 | Temple   | 4231 ||| PLANNING D:1-11
  4282 | D:5      | 4282 ||| Stepping ~*~*~tactically~*~*~ (stealth).
  4295 | D:5      | 4295 ||| Stepping ~*~*~tactically~*~*~ (stealth).
  4322 | D:5      | 4322 ||| Stepping ~*~*~tactically~*~*~ (hiding).
  4491 | D:5      | Reached skill level 8 in Axes
  4491 | D:5      | 4491 ||| DROPPING +0 mace.
  4681 | D:5      | 4681 ||| Stepping ~*~*~tactically~*~*~ (hiding).
  4850 | D:5      | 4850 ||| Stepping ~*~*~tactically~*~*~ (stealth).
  4851 | D:5      | 4851 ||| Stepping ~*~*~tactically~*~*~ (stealth).
  4852 | D:5      | 4852 ||| Stepping ~*~*~tactically~*~*~ (stealth).
  4854 | D:5      | 4854 ||| Stepping ~*~*~tactically~*~*~ (hiding).
  5073 | D:5      | 5073 ||| UPGRADING to +2 pair of boots.
  5078 | D:5      | 5078 ||| READING scroll labelled HATAME SE QARA.
  5079 | D:5      | 5079 ||| READING 2 scrolls labelled RYTHRA KE INOMP.
  5080 | D:5      | 5080 ||| DROPPING scroll of fog.
  5392 | D:6      | 5392 ||| Stepping ~*~*~tactically~*~*~ (hiding).
  5399 | D:6      | Reached skill level 6 in Fighting
  5627 | D:6      | Found an ornate altar of the Wu Jian Council.
  5641 | D:6      | 5641 ||| Stepping ~*~*~tactically~*~*~ (hiding).
  5643 | D:6      | 5643 ||| Stepping ~*~*~tactically~*~*~ (hiding).
  6037 | D:6      | 6037 ||| DROPPING amulet of guardian spirit.
  6038 | D:6      | 6038 ||| DROPPING amulet of the acrobat.
  6039 | D:6      | 6039 ||| DRINKING 2 fizzy ruby potions.
  6040 | D:6      | 6040 ||| DRINKING 2 sapphire potions.
  6041 | D:6      | 6041 ||| DROPPING potion of brilliance.
  6228 | D:7      | Reached XP level 9. HP: 42/55 MP: 9/9
  6307 | D:7      | Identified the +6 mace of Doutzomati {freeze, rElec rN++
                  | Str+3 Int-3}
  6309 | D:7      | 6309 ||| DROPPING +0 flail.
  6323 | D:7      | Reached skill level 9 in Axes
  6402 | D:7      | Found a blossoming altar of Fedhas.
  6746 | D:7      | 6746 ||| READING 2 scrolls of identify.
  6746 | D:7      | 6746 ||| IDENTIFYING coppery potion
  6911 | D:8      | Reached skill level 1 in Throwing
  6942 | D:8      | HP: 9/56 [wyvern (6)]
  6943 | D:8      | 6943 ||| READING scroll of teleportation.
  6944 | D:8      | 6944 ||| DRINKING 3 potions of heal wounds.
  7053 | D:8      | Noticed a manticore
  7055 | D:8      | Found a transporter.
  7058 | D:8      | Noticed Psyche
  7072 | D:8      | Killed Psyche
  7079 | D:8      | Found a transporter.
  7079 | D:8      | Noticed a boulder beetle
  7089 | D:8      | 7089 ||| Stepping ~*~*~tactically~*~*~ (hiding).
  7094 | D:8      | 7094 ||| Stepping ~*~*~tactically~*~*~ (hiding).
  7114 | D:8      | 7114 ||| Stepping ~*~*~tactically~*~*~ (stealth).
  7116 | D:8      | 7116 ||| Stepping ~*~*~tactically~*~*~ (hiding).
  7528 | D:8      | Found a basalt altar of Yredelemnul.
  7529 | D:8      | Found a bloodstained altar of Trog.
  7551 | D:8      | Found an iron altar of Okawaru.
  7585 | D:8      | Reached skill level 6 in Armour
  7768 | D:8      | 7768 ||| UPGRADING to +4 ring of protection.
  7769 | D:8      | 7769 ||| UPGRADING to +6 ring of strength.
  7792 | D:9      | 7792 ||| Stepping ~*~*~tactically~*~*~ (stealth).
  7799 | D:9      | 7799 ||| Stepping ~*~*~tactically~*~*~ (hiding).
  7807 | D:9      | HP: 10/57 [acid dragon/splash of acid (16)]
  7808 | D:9      | 7808 ||| DRINKING 2 potions of heal wounds.
  7918 | D:9      | Noticed a komodo dragon
  7919 | D:9      | 7919 ||| Stepping ~*~*~tactically~*~*~ (hiding).
  7919 | D:9      | Noticed Joseph
  7920 | D:9      | 7920 ||| Stepping ~*~*~tactically~*~*~ (stealth).
  7924 | D:9      | Noticed Maurice
  7929 | D:9      | Reached skill level 10 in Axes
  7932 | D:9      | Reached XP level 10. HP: 46/64 MP: 10/10
  7934 | D:9      | Killed Maurice
  7939 | D:9      | HP: 11/65 [komodo dragon (9)]
  7939 | D:9      | Shot with a sling bullet by Joseph

Levels and vault maps discovered:
D:1:      ncdulo_watergridlock, layout_basic, serial_shops,
          nicolae_shop_dealshenge
D:2:      minmay_wonky_spiral, layout_loops_ring, minmay_misc_feat_chi,
          minmay_splitting_lines
D:3:      layout_loops_ring, xom_redecorated, kennysheep_generic_room_8,
          uniq_ijyb
D:4:      layout_basic, uniq_natasha, uniq_sigmund, uniq_robin
D:5:      layout_loops_ring, vehumet_altar_wand_db,
          minmay_temple_entry_glassed_door, uniq_blork_the_orc
D:6:      layout_loops_ring, mainiacjoe_overflow_24_doors
D:7:      layout_cave_pods, mainiacjoe_overflow_six_doors_small, st_stairs_12
D:8:      layout_basic, gammafunk_temple_overflow_arena, uniq_psyche
D:9:      layout_roguey [special_room_bee], minmay_misc_feat_square,
          minmay_fractal_squares_5, uniq_maurice, uniq_joseph, uniq_erica
Temple:   hellmonk_temple_flake

Skill      XL: |  1  2  3  4  5  6  7  8  9 10 |
---------------+-------------------------------+-----
Axes           | 2 3 4 5 6 7 8 10 | 10.0
Fighting       | 4 5 6 7 8 |  8.8
Armour         | 4 5 6 |  6.4
Dodging        | 1 |  1.0
Shields        | 4 |  4.5
Throwing       | 1 |  1.2

Action                     |  1- 3 |  4- 6 |  7- 9 | 10-12 || total
---------------------------+-------+-------+-------+-------++-------
  Melee: War axe           |   102 |   126 |   252 |     8 ||   488
  Throw: Boomerang         |       |       |    11 |       ||    11
    Use: Scroll            |     4 |     5 |     9 |       ||    18
         Potion            |       |       |     4 |       ||     4
   Stab: Distracted        |       |       |       |     1 ||     1
 Armour: Scale mail        |    27 |       |       |       ||    27
         Plate armour      |    33 |    65 |   124 |     6 ||   228
  Dodge: Dodged            |    35 |    25 |    45 |     4 ||   109
  Block: Buckler           |    31 |    46 |   106 |     4 ||   187
         Reflection        |       |     1 |     2 |     3 ||     6

Table legend:
 A = Non-vault XP
 B = Vault XP
 C = Vault XP percentage of total XP
 D = Non-vault monster count
 E = Vault monster count
 F = Vault count percentage of total count
                 A         B        C        D         E       F
            +---------+---------+-------+---------+---------+-------
      Total |    3958 |    1683 |  29.8 |     145 |      24 |  14.2
            +---------+---------+-------+---------+---------+-------
        D:1 |      28 |       0 |   0.0 |      16 |       0 |   0.0
        D:2 |      61 |      17 |  21.8 |      19 |       3 |  13.6
        D:3 |      49 |      38 |  43.7 |      17 |       2 |  10.5
        D:4 |     540 |     292 |  35.1 |      26 |      10 |  27.8
        D:5 |     755 |      95 |  11.2 |      23 |       2 |   8.0
        D:6 |     289 |       0 |   0.0 |       9 |       0 |   0.0
        D:7 |     639 |       0 |   0.0 |       7 |       0 |   0.0
        D:8 |     675 |     383 |  36.2 |      13 |       1 |   7.1
        D:9 |     922 |     858 |  48.2 |      15 |       6 |  28.6
            +---------+---------+-------+---------+---------+-------
